Map: Persephone LE

Players

XxRegUxX - Winner!

  • Race: Protoss Protoss
  • League: Diamond
  • Spawn Location: 11:00

SubN

  • Race: Zerg Zerg
  • League: Diamond
  • Spawn Location: 7:00

VOD

Have the link to the VOD?

Description

Time

  • Played on: Aug. 5, 2025, 2:47 p.m.
  • Length: 7:04
Show
View Real Time Build Order
Export as new Build Order

XxRegUxX Protoss - Winner!

Build Orders: Zealot Archon 

Get SALT Encoding   

  12  0:00  Probe  
  13  0:12  Probe  
  14  0:20  Pylon  
  14  0:24  Probe  
  15  0:38  Probe  
  15  0:39  Gateway  
  16  0:45  Assimilator  
  16  0:46  Probe  
  16  0:54  Probe  
  18  1:04  Probe  
  19  1:13  Gateway  
  19  1:19  Zealot  
  19  1:27  Cybernetics Core  
  20  1:36  Pylon  
  20  1:44  Zealot  
  22  1:49  Probe  
  22  1:53  Assimilator  
  23  2:04  Adept  
  23  2:05  Shield Battery  
  25  2:20  Adept  
  27  2:23  Probe  
  28  2:45  Nexus  
  28  2:49  Probe  
  28  2:50  Pylon  
  29  3:01  Probe  
  29  3:04  Warp Gate  
  30  3:06  Pylon  
  30  3:10  Twilight Council  
  30  3:16  Adept  
  32  3:25  Probe  
  33  3:31  Charge  
  33  3:37  Probe  
  30  3:50  Probe  
  30  3:54  Probe, Adept x2  
  35  4:02  Probe x2  
  37  4:08  Robotics Facility  
  38  4:11  Probe  
  38  4:14  Probe  
  40  4:18  Gateway  
  40  4:23  Probe  
  41  4:26  Probe  
  42  4:36  Dark Shrine, Probe  
  42  4:38  Probe  
  44  4:48  Pylon, Probe  
  44  4:50  Probe  
  46  4:55  Warp Prism  
  48  5:00  Probe  
  48  5:01  Resonating Glaives  
  48  5:02  Probe  
  48  5:04  Gateway  
  50  5:09  Gateway  
  50  5:13  Probe  
  51  5:17  Assimilator  
  51  5:20  Assimilator  
  51  5:24  Gateway  
  51  5:30  Gateway  
  51  5:32  Probe x2  
  53  5:43  Gateway  
  53  5:46  Gateway  
  53  5:53  Dark Templar  
  53  5:54  Dark Templar  
  57  5:57  Pylon  
  57  5:59  Dark Templar  
  59  6:22  Zealot  
  59  6:23  Zealot x2  
  65  6:35  Zealot x2  
  65  6:36  Zealot x2  
  73  6:40  Archon  
  71  6:48  Dark Templar x2  
  75  6:55  Stalker  
  77  7:03  Pylon  
Show
View Real Time Build Order
Export as new Build Order

SubN Zerg 

Build Orders: Pool First 

Get SALT Encoding   

  12  0:16  Spawning Pool  
  11  0:21  Drone  
  11  0:26  Drone  
  13  0:30  Drone  
  14  0:40  Overlord  
  17  1:04  Zergling x4  
  19  1:11  Zergling x2  
  19  1:16  Zergling x2  
  18  1:29  Hatchery  
  17  1:36  Zergling x2  
  17  1:39  Drone  
  19  1:40  Queen  
  21  1:49  Overlord  
  21  2:27  Queen  
  21  2:28  Drone x3  
  26  2:45  Drone x2  
  26  2:50  Queen  
  30  3:02  Drone x5  
  35  3:15  Hatchery  
  31  3:47  Drone x5  
  36  3:54  Overlord  
  36  3:57  Overlord  
  36  3:59  Overlord  
  36  4:11  Extractor  
  36  4:12  Queen  
  36  4:16  Drone x3  
  40  4:18  Drone x2  
  40  4:19  Drone x2  
  44  4:24  Drone x3  
  44  4:25  Drone  
  44  4:28  Queen  
  50  4:35  Drone  
  50  4:38  Drone, Extractor  
  52  4:42  Drone  
  52  4:43  Drone x2  
  52  4:44  Roach Warren  
  53  4:50  Queen  
  55  4:59  Overlord  
  55  5:01  Overlord  
  55  5:05  Drone  
  56  5:07  Drone  
  57  5:14  Drone  
  57  5:17  Drone x4  
  62  5:26  Overlord x2  
  62  5:30  Metabolic Boost  
  62  5:34  Lair  
  62  5:46  Zergling x2  
  63  5:55  Roach x4  
  71  5:58  Zergling x4  
  71  5:59  Zergling x24  
  71  6:03  Spore Crawler  
  76  6:31  Overseer  
  73  6:34  Overseer  
  73  6:38  Overseer  
Tags
 
Composition
Zealot Archon
Matchup
PvZ
Opening
Pool First
Replay Pack
replays
Spawn Locations
Close Positions
Add a new tag
Caveats
  • Supply blocks, unpowered buildings, or Contaminate may cause inaccurate times.
  • Supply counts are checked every 10 seconds.